 Dungeon Crawl Stone Soup version 0.31-a0-455-g1a7b003ef0 (webtiles) character file.

Game seed: 5196627735232631825

374 CraigForest the Chopper (level 6, 0/56 HPs)
             Began as a Minotaur Berserker on Aug 3, 2023.
             Was a Priest of Trog.
             Slain by a gnoll bouda
             ... wielding a +0 club
              (4 damage)
             ... on level 4 of the Dungeon.
             The game lasted 00:07:44 (2893 turns).

CraigForest the Chopper (Minotaur Berserker)        Turns: 2893, Time: 00:07:45

Health: 0/56       AC: 14    Str: 23    XL:     6   Next: 43%
Magic:  5/5        EV:  7    Int:  4    God:    Trog [***...]
Gold:   191        SH:  0    Dex: 10    Spells: 5/5 levels left

rFire   . . .        r - +5 scimitar (vamp)
rCold   . . .        (no shield)
rNeg    + . .        t - +0 plate armour
rPois   .            q - +0 hat
rElec   .            (no cloak)
rCorr   .            (no gloves)
SInv    .            s - +1 pair of boots
Will    .....        (no amulet) Stlth
                     u - ring of positive energy
HPRegen 0.29/turn    (no ring)
MPRegen 0.09/turn

%: no passive effects
@: weakened
A: horns 2, retaliatory headbutt
a: Renounce Religion, Berserk, Trog's Hand


You were on level 4 of the Dungeon.
You worshipped Trog.
Trog was most pleased with you.
You visited 1 branch of the dungeon, and saw 4 of its levels.

You collected 191 gold pieces.

Inventory:

Hand Weapons
 a - a +0 hand axe
 r - a +5 vampiric scimitar (weapon)
Armour
 b - a +0 animal skin
 d - a +0 chain mail
 q - a +0 hat (worn)
 s - a +1 pair of boots (worn)
 t - a +0 plate armour (worn)
Jewellery
 u - a ring of positive energy (left hand)
Wands
 n - a wand of polymorph (5)
Scrolls
 c - a scroll of brand weapon {unknown}
 e - 3 scrolls of identify {unknown}
 g - a scroll of immolation {unknown}
 h - a scroll of teleportation {unknown}
 j - a scroll of poison {unknown}
 m - a scroll of amnesia {unknown}
 o - a scroll of blinking {unknown}
 p - a scroll of enchant weapon {unknown}
Potions
 f - 2 potions of heal wounds {unknown}
 i - 2 potions of curing {unknown}
 k - a potion of enlightenment {unknown}
 l - a potion of might {unknown}


   Skills:
 + Level 5.6 Fighting
 * Level 2.2 Long Blades
 - Level 5.9 Axes
 + Level 4.4 Armour
 + Level 2.5 Dodging


You had 5 spell levels left.
You didn't know any spells.
Your spell library was empty.

Dungeon Overview and Level Annotations

Branches:
Dungeon (4/15)
 Temple: D:4-7

Altars:
Nemelex Xobeh
Xom


Innate Abilities, Weirdness & Mutations

You have a pair of horns on your head.
You reflexively headbutt those who attack you in melee.


Message History

You hit the gnoll.
You feel better.
The gnoll is moderately wounded.
The gnoll hits you with a +0 spear.
* * * LOW HITPOINT WARNING * * *
The gnoll bouda barely misses you. The gnoll barely misses you.
The gnoll bouda hits you with a +0 club.
* * * LOW HITPOINT WARNING * * *
You slash the gnoll!
You kill the gnoll!
Trog accepts your kill.
The gnoll bouda gazes fiercely through you!
You feel your attacks grow feeble. The gnoll bouda barely misses you.
You slash the gnoll bouda!
You feel better.
The gnoll bouda is severely wounded.
The gnoll bouda mumbles some strange prayers to its god.
The gnoll bouda is healed somewhat.
You completely miss the gnoll bouda. Your headbutt misses the gnoll bouda.
The gnoll bouda is heavily wounded.
The gnoll bouda hits you with a +0 club.
* * * LOW HITPOINT WARNING * * *
You barely miss the gnoll bouda. Your headbutt misses the gnoll bouda.
The gnoll bouda is heavily wounded.
The gnoll bouda barely misses you.
The gnoll bouda hits you with a +0 club.
* * * LOW HITPOINT WARNING * * *
You hit the gnoll bouda.
The gnoll bouda is severely wounded.
The gnoll bouda hits you with a +0 club.
* * * LOW HITPOINT WARNING * * *
You hit the gnoll bouda.
The gnoll bouda is almost dead.
The gnoll bouda hits you with a +0 club.
* * * LOW HITPOINT WARNING * * *
You hit the gnoll bouda.
The gnoll bouda is almost dead.
The gnoll bouda gazes fiercely through you!
You feel as though you will be weak longer.
The gnoll bouda hits you with a +0 club.
You die...

#.............##
##.............#
#..............#
#..............#
#.............#
#.............# .
#.............##...
##........)g.......
###.......@)......
##.....).)......
####...........
###.....####
#######


You could see a gnoll bouda.

Vanquished Creatures
  A phantom (D:4)
  Blork the orc (D:4)
  A sleepcap (D:3)
  An iguana (D:4)
  Ijyb (D:3)
  4 adders
  5 gnolls
  A worm (D:3)
  3 dart slugs
  3 orcs (D:4)
  5 ball pythons
  5 bats
  3 endoplasms
  6 giant cockroaches
  11 goblins
  8 hobgoblins
  7 kobolds
  3 quokkas
  4 frilled lizards
  4 rats
77 creatures vanquished.

Notes
Turn   | Place    | Note
-------+----------+-------------------------------------------
     0 | D:1      | CraigForest the Minotaur Berserker began the quest for the
                  | Orb.
     0 | D:1      | Reached XP level 1. HP: 19/19 MP: 0/0
   126 | D:1      | Reached XP level 2. HP: 24/27 MP: 1/1
   269 | D:1      | Found a faded altar of an unknown god.
   321 | D:1      | Reached XP level 3. HP: 29/33 MP: 2/2
   421 | D:1      | Reached ** piety under Trog
  1572 | D:3      | Noticed Ijyb
  1574 | D:3      | Killed Ijyb
  1575 | D:3      | Reached XP level 4. HP: 41/41 MP: 3/3
  1648 | D:3      | Reached skill level 5 in Axes
  1651 | D:3      | Found a shimmering altar of Xom.
  1658 | D:3      | Found a shimmering altar of Xom.
  1693 | D:3      | Found a shimmering altar of Xom.
  1966 | D:3      | Found a sparkling altar of Nemelex Xobeh.
  2378 | D:3      | Reached XP level 5. HP: 43/47 MP: 4/4
  2571 | D:4      | Noticed Blork the orc
  2579 | D:4      | Reached skill level 5 in Fighting
  2581 | D:4      | Killed Blork the orc
  2837 | D:4      | Noticed a phantom
  2842 | D:4      | Killed a phantom
  2843 | D:4      | Reached skill level 1 in Long Blades
  2843 | D:4      | Reached XP level 6. HP: 56/56 MP: 5/5
  2845 | D:4      | Reached *** piety under Trog
  2893 | D:4      | Slain by a gnoll bouda

Illustrated notes

Levels and vault maps discovered:
D:1:      ebering_hopf_link, layout_basic, ebering_ecumenical_altar_hall,
          moated_statue, minmay_misc_feat_alley
D:2:      layout_basic
D:3:      layout_loops_corners, nemelex_xobeh_ov_fountains_minmay,
          xom_redecorated, roderic_serpentine_path, grunt_ministairs_4,
          hellmonk_no_cap, uniq_ijyb
D:4:      layout_cave_pods, minitemple, minmay_misc_feat_cross,
          uniq_blork_the_orc

Skill      XL: |  1  2  3  4  5  6 |
---------------+-------------------+-----
Fighting       | 4 5 |  5.6
Axes           | 4 5 |  5.9
Armour         | 3 4 |  4.4
Long Blades    | 1 2 |  2.2
Dodging        | |  2.5

Action                     |  1- 3 |  4- 6 || total
---------------------------+-------+-------++-------
  Melee: Hand axe          |    69 |    45 ||   114
         Headbutt          |     6 |    19 ||    25
         Punch             |     1 |     1 ||     2
         Scimitar          |       |    33 ||    33
 Armour: Chain mail        |    32 |    23 ||    55
         Plate armour      |       |    46 ||    46
  Dodge: Dodged            |    34 |    31 ||    65

Table legend: (Time is in decaauts)
 A = Elapsed time spent in this place.
 B = Non-inter-level travel time spent in this place.
 C = Inter-level travel time spent in this place.
 D = Time resting spent in this place.
 E = Time spent auto-exploring this place.
 F = Levels seen in this place.
 G = Mean time per level.
                   A        B        C        D        E       F      G
               +--------+--------+--------+--------+--------+-----+--------+
         Total |   2910 |   2801 |    109 |      0 |   2288 |   4 |  727.5 |
       Dungeon |   2910 |   2801 |    109 |      0 |   2288 |   4 |  727.5 |
               +--------+--------+--------+--------+--------+-----+--------+

Top non-repeatable levels by time:
     D:3: 1080 daAuts
     D:2: 771 daAuts
     D:1: 645 daAuts
     D:4: 413 daAuts
